 Dungeon Crawl Stone Soup version 0.17-a0-1923-gc35365e (webtiles) character file.

551 Ordine the Transmogrifier (level 7, -2/48 HPs)
             Began as a Merfolk Transmuter on Sept 28, 2015.
             Was a Believer of Makhleb.
             Slain by an iguana (9 damage)
             ... on level 5 of the Dungeon.
             The game lasted 00:27:34 (6279 turns).

Ordine the Transmogrifier (Merfolk Transmuter)      Turns: 6279, Time: 00:27:34

Health: -2/48      AC:  8    Str: 10    XL:     7   Next: 29%
Magic:  9/10       EV:  9    Int: 15    God:    Makhleb [**....]
Gold:   46         SH:  0    Dex: 14    Spells: 2 memorised, 6 levels left

rFire  . . .     SeeInvis .       - Unarmed
rCold  . . .     Clarity  +     b - +0 scale mail
rNeg   . . .     SustAt   .     (no shield)
rPois  .         Gourm    .     (no helmet)
rElec  .         Spirit   .     h - +1 cloak
rCorr  .         Warding  .     (no gloves)
rMut   .         Stasis   .     (no boots)
MR     .....                    m - amulet of clarity
Stlth  ..........               (no ring)
                                (no ring)

@: appendage, not resistant to hostile enchantments, extremely unstealthy
A: change form in water, swift swim, horns 2
a: End Transformation, Minor Destruction, Renounce Religion


You were on level 5 of the Dungeon.
You worshipped Makhleb.
Makhleb was pleased with you.
You were not hungry.
You had grown temporary horns.
You visited 1 branch of the dungeon, and saw 5 of its levels.

You collected 246 gold pieces.
You spent 200 gold pieces at shops.

Inventory:

Armour
 b - a +0 scale mail (worn)
 h - a +1 cloak (worn)
Jewellery
 m - an amulet of clarity (around neck)
Scrolls
 e - 3 scrolls of teleportation
 g - 3 scrolls of recharging
 k - a scroll of identify
Potions
 a - a potion of curing
 f - 2 potions of brilliance
 i - 5 potions of agility
Books
 c - a book of Changes

   Spells                             Type                      Level
   a - Beastly Appendage              Transmutation                1
   b - Sticks to Snakes               Transmutation                2
   c - Spider Form                    Transmutation/Poison         3
   d - Ice Form                       Ice/Transmutation            4
   e - Blade Hands                    Transmutation                5
Comestibles
 d - 2 bread rations
 j - 4 fruits
 l - a beef jerky
 o - a chunk of flesh


   Skills:
 - Level 1.1 Fighting
 - Level 2.6 Dodging
 - Level 4.6 Unarmed Combat
 - Level 2.0 Spellcasting
 + Level 8.1 Transmutations
 - Level 3.7 Poison Magic


You had 6 spell levels left.
You knew the following spells:

 Your Spells              Type           Power        Failure   Level  Hunger
a - Beastly Appendage     Trmt           ####..       8%          1    #......
b - Spider Form           Trmt/Pois      ###.......   52%         3    ###....


Dungeon Overview and Level Annotations

Branches:
Dungeon (5/15)
 Temple: D:4-7

Altars:
Cheibriados
Elyvilon
Makhleb
Ru
Sif Muna
Trog
Zin

Shops:
D:4 *


Innate Abilities, Weirdness & Mutations

You revert to your normal form in water.
You are very nimble and swift while swimming.
You have a pair of horns on your head.


Message History

* * * LOW HITPOINT WARNING * * *
You are too injured to fight recklessly!
You are too injured to fight recklessly!
Casting: Beastly Appendage
Confirm with . or Enter, or press ? or * to list all spells.
You grow a pair of large bovine horns.
The iguana bites you but does no damage.
You hit the iguana.
You headbutt the iguana, but do no damage.
The iguana is severely wounded.
The iguana bites you.
* * * LOW HITPOINT WARNING * * *
You hit the iguana but do no damage.
The iguana is severely wounded.
The iguana bites you.
* * * LOW HITPOINT WARNING * * *
You closely miss the iguana. Your headbutt misses the iguana.
The iguana is severely wounded.
The iguana bites you!
You die...

#.# #.# #.####
##########.##<##
...............#
.#########.##.## #####
##.## #....# #.#.#
####l..# ####.# #.#.#
#.####.=.@#.# #.# #.#.#
#.##........## #.#
....# #.#..........##
##.## ###.#
#....^....^..$# #.... #
#.# #...........^.#
#.###
###.####............^.#
#.#
......>.....^....^....#
#.#
#######.........^.....#
#.# #.....^^........#
#.#


You could see an iguana.

Vanquished Creatures
  A jelly (D:5)
  2 orc priests
  3 orc wizards
  Natasha (thrice) (D:3)
  2 worker ants (D:4)
  14 adders
  2 oozes (D:3)
  3 worms
  An adder skeleton (D:4)
  26 orcs
  4 bats
  6 giant cockroaches
  9 goblins
  11 hobgoblins
  9 jackals
  A ball python (D:3)
  5 giant geckos
  5 giant newts
  A jackal skeleton (D:4)
  6 kobolds
  A quokka skeleton (D:5)
  3 rats
118 creatures vanquished.

Vanquished Creatures (others)
  An orc wizard (D:4)
1 creature vanquished.

Grand Total: 119 creatures vanquished

Notes
Turn   | Place    | Note
--------------------------------------------------------------
     0 | D:1      | Ordine the Merfolk Transmuter began the quest for the Orb.
     0 | D:1      | Reached XP level 1. HP: 15/15 MP: 3/3
   363 | D:1      | Reached XP level 2. HP: 16/21 MP: 5/5
   371 | D:1      | Reached skill level 4 in Unarmed Combat
   989 | D:2      | Reached XP level 3. HP: 23/26 MP: 4/6
  1003 | D:2      | Learned a level 3 spell: Spider Form
  1226 | D:2      | Found a white marble altar of Elyvilon.
  1348 | D:2      | Reached XP level 4. HP: 25/32 MP: 7/7
  1831 | D:3      | Noticed Natasha
  1836 | D:3      | Killed Natasha
  1861 | D:3      | Found a burning altar of Makhleb.
  1861 | D:3      | Found a glowing silver altar of Zin.
  1862 | D:3      | Noticed an angel
  1862 | D:3      | Noticed a cacodemon
  1880 | D:3      | Became a worshipper of Makhleb the Destroyer
  1891 | D:3      | Reached skill level 5 in Transmutations
  1897 | D:3      | Found a deep blue altar of Sif Muna.
  1934 | D:3      | Reached XP level 5. HP: 18/37 MP: 8/8
  1947 | D:3      | Found a snail-covered altar of Cheibriados.
  1962 | D:3      | Noticed Natasha
  1969 | D:3      | Killed Natasha
  1969 | D:3      | Reached skill level 1 in Poison Magic
  1992 | D:3      | Noticed Natasha
  1999 | D:3      | Killed Natasha
  2022 | D:3      | HP: 1/37 [jackal (2)]
  2858 | D:3      | Acquired Makhleb's first power
  3933 | D:3      | Reached XP level 6. HP: 43/43 MP: 9/9
  4027 | D:3      | Reached skill level 6 in Transmutations
  4374 | D:4      | Found Moimmeam's General Store.
  4394 | D:4      | Bought an uncursed amulet of clarity for 200 gold pieces
  4778 | D:4      | Acquired Makhleb's second power
  5320 | D:4      | Found a burning altar of Makhleb.
  5320 | D:4      | Noticed a balrug
  5525 | D:5      | Entered Level 5 of the Dungeon
  5526 | D:5      | Found a bloodstained altar of Trog.
  5600 | D:5      | Reached skill level 7 in Transmutations
  5600 | D:5      | Reached XP level 7. HP: 27/48 MP: 8/10
  6128 | D:5      | Found a sacrificial altar of Ru.
  6222 | D:5      | Reached skill level 8 in Transmutations
  6279 | D:5      | Slain by an iguana

Vault maps used:
D:1:      saegor_arrival_simple_f
D:2:      lemuel_doored_altar, minmay_misc_feat_x, minmay_tree_intersection
D:3:      grunt_temple_overflow_order_and_chaos_2, cheibriados_altar_1,
          overflow_temple_1_default, first_bread, kennysheep_flooded_box,
          minmay_strange_pillars, uniq_natasha
D:4:      serial_shops, nicolae_shop_trees, makhleb_altar_promises_db
D:5:      grunt_temple_overflow_holy_war, lemuel_round_altar, minmay_holes,
          nicolae_ru_sacrificial_ziggurat

Action                   |  1- 3 |  4- 6 |  7- 9 || total
-------------------------+-------+-------+-------++-------
Melee: Unarmed           |   102 |   373 |    97 ||   572
 Cast: Beastly Appendage |     6 |    17 |     2 ||    25
  Use: Scroll            |     6 |     7 |     1 ||    14
       Potion            |       |     1 |       ||     1
  Eat: Chunk             |     1 |     6 |     2 ||     9
       Fruit             |       |     2 |     1 ||     3
       Bread ration      |       |     1 |       ||     1
       Royal jelly       |       |     1 |       ||     1
